 Dungeon Crawl Stone Soup version 0.31-a0-986-g5e6e4ef867 (webtiles) character file.

Game seed: 3711172711442173317

778 Arex the Trooper (level 7, 0/50 HPs)
             Began as an Octopode Fighter on Nov 8, 2023.
             Slain by a phantom (7 damage)
             ... on level 5 of the Dungeon.
             The game lasted 00:08:58 (4146 turns).

Arex the Trooper (Octopode Fighter)                 Turns: 4146, Time: 00:08:58

Health: 0/50       AC:  1    Str: 17    XL:     7   Next: 85%
Magic:  7/7        EV: 19    Int: 10    God:
Gold:   196        SH:  5    Dex: 12    Spells: 6/6 levels left

rFire   . .          .
                       - Unarmed
rCold   . . .        a - +0 buckler
rNeg    . . .        (helmet restricted)
rPois   .            (no amulet)
rElec   .            d - ring of flight
rCorr   .            h - +5 ring of evasion
SInv    .            (no ring)
Will    .....        (no ring)
Stlth   ++           (no ring)
HPRegen 0.28/turn    (no ring)
MPRegen 0.10/turn    (no ring)
                     (no ring)

%: no passive effects
@: flying
A: almost no armour, amphibious, 8 rings, camouflage 1, gelatinous body 1,
(nimble swimmer 1), tentacles
a: no special abilities


You were on level 5 of the Dungeon.
You visited 1 branch of the dungeon, and saw 5 of its levels.
You also visited: Sewer.

You collected 196 gold pieces.

Inventory:

Missiles
 g - 10 poisoned darts (quivered)
Armour
 a - a +0 buckler (worn)
Jewellery
 d - a ring of flight (left tentacle)
 h - a +5 ring of evasion (right tentacle)
Wands
 q - a wand of polymorph (2)
 v - a wand of flame (7)
Scrolls
 c - 2 scrolls of teleportation
 e - a scroll of summoning
 n - a scroll of silence {unknown}
 o - a scroll of vulnerability
 p - a scroll of fog
 r - a scroll of immolation
Potions
 f - 2 potions of brilliance
 i - 2 potions of cancellation {unknown}
 k - 4 potions of enlightenment
 m - a potion of invisibility {unknown}
 s - a potion of magic {unknown}
 t - 2 potions of haste {unknown}
 u - a potion of degeneration {unknown}


   Skills:
 + Level 5.2 Fighting
 + Level 5.1 Dodging
 + Level 5.1 Shields
 + Level 4.5 Unarmed Combat


You had 6 spell levels left.
You didn't know any spells.
Your spell library contained the following spells:

 Spells                   Type           Power      Damage    Failure   Level
 Sandblast                Erth           0%         2d4       43%         1
 Summon Small Mammal      Summ           0%         N/A       43%         1
 Passwall                 Tmut/Erth      0%         N/A       56%         2
 Call Canine Familiar     Summ           0%         N/A       80%         3
 Gell's Gravitas          Tloc           0%         N/A       80%         3
 Stone Arrow              Conj/Erth      0%         3d7       80%         3
 Summon Guardian Golem    Hex/Summ       0%         N/A       80%         3
 Teleport Other           Tloc           0%         N/A       80%         3
 Brom's Barrelling Bould  Conj/Erth      0%         2d3       99%         4
 Dispersal                Tloc           0%         N/A       100%        6
 Simulacrum               Ice/Necr       0%         N/A       100%        6
 Ozocubu's Refrigeration  Ice            0%         4d7       100%        7
 Polar Vortex             Ice            0%         N/A       100%        9


Dungeon Overview and Level Annotations

Branches:
Dungeon (5/15)              Sewer (visited)
 Temple: D:4-7

Altars:
Dithmenos

Shops:
D:1 :   D:4 (

Annotations:
D:5 exclusion: door, Prince Ribbit


Innate Abilities, Weirdness & Mutations

You cannot wear most types of armour.
You are amphibious.
You can wear up to eight rings at the same time.
Your skin changes colour to match your surroundings (Stealth+).
Your rubbery body absorbs attacks. (AC +1, EV +1)
((You are camouflaged when in or above water. (Stealth+)))
You have tentacles for arms and can constrict up to eight enemies at once.


Message History

The phantom misses you.
You tentacle-slap the phantom but do no damage.
The phantom is lightly damaged.
The phantom hits you.
You closely miss the phantom.
The phantom is lightly damaged.
The phantom hits you!
* * * LOW HITPOINT WARNING * * *
The phantom blinks!
You blink.
You tentacle-slap the phantom but do no damage.
The phantom is lightly damaged.
The phantom hits you!
* * * LOW HITPOINT WARNING * * *
You closely miss the phantom.
The phantom is lightly damaged.
The phantom misses you.
You closely miss the phantom.
The phantom is lightly damaged.
The phantom completely misses you.
You closely miss the phantom.
The phantom is lightly damaged.
You block the phantom's attack.
You tentacle-slap the phantom.
You tentacle-slap the phantom, but do no damage.
Your squeeze misses the phantom.
The phantom is lightly damaged.
The phantom hits you but does no damage.
You tentacle-slap the phantom. x2
You squeeze the phantom, but do no damage.
The phantom is heavily damaged.
You block the phantom's attack.
You tentacle-slap the phantom. Your squeeze misses the phantom.
The phantom is heavily damaged.
You block the phantom's attack.
You tentacle-slap the phantom.
The phantom is heavily damaged.
The phantom hits you.
* * * LOW HITPOINT WARNING * * *
You feel better. The phantom hits you!
You die...

#.# #.# #.# #.#
#.# #># #.# #.#
#.# ### #.# #.#
##o## #.#
#.###.#.## #.#
#.##o###)######.#
#.#W##....W@)...#
#........########
#####...## #
##..# # #..# #
#..?. # ##.###
###### #.#
.....#######


You could see a phantom.

Vanquished Creatures
  A phantom (D:4)
  A kobold brigand (Sewer)
  A jelly (D:4)
  3 orc priests
  A gnoll bouda (D:5)
  2 hounds (D:5)
  2 iguanas (D:4)
  Terence (D:3)
  Jessica (D:2)
  An orc wizard (D:4)
  Robin (D:3)
  9 gnolls (D:5)
  9 adders
  A river rat (Sewer)
  2 ufetubi
  2 worms (D:3)
  A dart slug (D:5)
  8 orcs
  5 ball pythons
  3 bats
  6 endoplasms
  4 giant cockroaches
  13 goblins
  5 hobgoblins
  11 jackals
  8 kobolds
  5 quokkas
  A frilled lizard (D:3)
  9 rats
117 creatures vanquished.

Notes
Turn   | Place    | Note
-------+----------+-------------------------------------------
     0 | D:1      | Arex the Octopode Fighter began the quest for the Orb.
     0 | D:1      | Reached XP level 1. HP: 16/16 MP: 1/1
   130 | D:1      | Reached XP level 2. HP: 21/21 MP: 2/2
   152 | D:1      | Found Byigy's Vocational Training.
   496 | D:2      | Noticed Jessica
   636 | D:1      | Reached XP level 3. HP: 26/26 MP: 3/3
   788 | D:2      | Found a shadowy altar of Dithmenos.
   935 | D:2      | Killed Jessica
   936 | D:2      | Reached XP level 4. HP: 31/31 MP: 4/4
  1225 | D:3      | Noticed Terence
  1280 | D:3      | Found a glowing drain.
  1284 | Sewer    | Entered a sewer
  1347 | Sewer    | Noticed a kobold brigand
  1386 | Sewer    | Killed a kobold brigand
  1387 | Sewer    | Reached XP level 5. HP: 21/37 MP: 5/5
  1509 | Sewer    | Found a glowing silver altar of Zin.
  1746 | D:3      | Killed Terence
  2014 | D:3      | Reached XP level 6. HP: 39/39 MP: 6/6
  2024 | D:3      | Found a faded altar of an unknown god.
  2037 | D:3      | Noticed Robin
  2110 | D:3      | Killed Robin
  3069 | D:4      | Reached XP level 7. HP: 34/49 MP: 7/7
  3282 | D:4      | Found Piqul's Antique Weapon Emporium.
  3534 | D:5      | Entered Level 5 of the Dungeon
  3547 | D:5      | Noticed Prince Ribbit
  3801 | D:5      | Reached skill level 5 in Fighting
  3933 | D:5      | Reached skill level 5 in Dodging
  3934 | D:5      | Reached skill level 5 in Shields
  4145 | D:5      | HP: 1/50 [phantom (5)]
  4146 | D:5      | Slain by a phantom

Illustrated notes

Levels and vault maps discovered:
D:1:      eino_arrival_druids_welcome, layout_rooms, serial_glass,
          glass_columns_a, glass_columns_a, glass_columns_c, glass_columns_a,
          nicolae_shop_vocational
D:2:      layout_basic, basic_altar, minmay_strange_pillars, uniq_jessica
D:3:      layout_loops_ring, hellmonk_ecumenical_altar_blasted,
          gup_sewer_entry_bowl, minmay_bisected, uniq_terence, uniq_robin
D:4:      layout_basic, serial_shops, nicolae_shop_competitors_out_of_business
D:5:      layout_loops_ring, minmay_joined_circles, uniq_prince_ribbit1,
          uniq_menkaure, uniq_sigmund

Skill      XL: |  1  2  3  4  5  6  7 |
---------------+----------------------+-----
Unarmed Combat | 3 4 |  4.5
Fighting       | 4 5 |  5.2
Dodging        | 4 5 |  5.1
Shields        | 4 5 |  5.1

Action                     |  1- 3 |  4- 6 |  7- 9 || total
---------------------------+-------+-------+-------++-------
  Melee: Unarmed           |    58 |   158 |   104 ||   320
         Constrict         |    15 |    29 |    27 ||    71
         Tentacles         |     8 |    31 |    15 ||    54
         Punch             |       |     3 |     6 ||     9
  Throw: Dart              |       |     2 |       ||     2
    Use: Scroll            |     1 |     6 |     1 ||     8
         Potion            |       |       |     3 ||     3
   Stab: Sleeping          |     2 |     7 |     2 ||    11
         Distracted        |       |     1 |       ||     1
 Armour: Skin              |    13 |    37 |    34 ||    84
  Dodge: Dodged            |    45 |    88 |    94 ||   227
  Block: Buckler           |    11 |    16 |    21 ||    48

Table legend: (Time is in decaauts)
 A = Elapsed time spent in this place.
 B = Non-inter-level travel time spent in this place.
 C = Inter-level travel time spent in this place.
 D = Time resting spent in this place.
 E = Time spent auto-exploring this place.
 F = Levels seen in this place.
 G = Mean time per level.
                   A        B        C        D        E       F      G
               +--------+--------+--------+--------+--------+-----+--------+
         Total |   4134 |   4013 |    121 |    466 |   2400 |   6 |  689.0 |
       Dungeon |   3841 |   3720 |    121 |    408 |   2289 |   5 |  768.2 |
         Sewer |    293 |    293 |      0 |     58 |    111 |   1 |  293.0 |
               +--------+--------+--------+--------+--------+-----+--------+

Top non-repeatable levels by time:
     D:4: 1161 daAuts
     D:3: 949 daAuts
     D:2: 735 daAuts
     D:5: 516 daAuts
     D:1: 478 daAuts
   Sewer: 293 daAuts
